 Dungeon Crawl Stone Soup version 0.27-a0-1500-g450c7e4133 (webtiles) character file.

Game seed: 15602369138604491682

25 dolemite99 the Magician (level 3, 0/25 HPs)
             Began as a Djinni Ice Elementalist on July 8, 2021.
             Was a Follower of Qazlal.
             Slain by a bat (1 damage)
             ... on level 1 of the Dungeon.
             The game lasted 00:01:19 (1126 turns).

dolemite99 the Magician (Djinni Ice Elementalist)   Turns: 1126, Time: 00:01:20

Health: 0/25       AC:  2    Str:  8    XL:     3   Next: 17%
Gold:   14         EV: 12    Int: 16    God:    Qazlal [*.....] SH:  2 Dex: 13

rFire    + + .     SeeInvis .   d - +0 spear
rCold    x . .     Faith    .   (no shield)
rNeg     . . .     Spirit   .   a - +0 robe
rPois    ∞         Reflect  .   (no helmet)
rElec    .         Harm     .   (no cloak)
rCorr    .         Rampage  .   (no gloves)
Will     .....                  (boots unavailable)
Stlth    ++........             (no amulet)
HPRegen  0.08/turn              (no ring)
MPRegen  0.00/turn              (no ring)

@: flying
A: sickness immunity, fire resistance 2, cold vulnerability 1, float, innate
caster, hp casting, extra vitality 1
a: Renounce Religion


You were on level 1 of the Dungeon.
You worshipped Qazlal.
Qazlal was aware of your devotion.
You visited 1 branch of the dungeon, and saw 1 of its levels.

You collected 14 gold pieces.

Inventory:

Hand Weapons
 d - a +0 spear (weapon)
 f - a +0 hand axe
Missiles
 e - 7 stones (quivered)
Armour
 a - a +0 robe (worn)
 c - a +0 leather armour
Scrolls
 b - a scroll of noise {unknown}
 g - a scroll of identify {unknown}
 j - a scroll of enchant weapon {unknown}
Potions
 h - a potion of curing {unknown}
 i - a potion of flight {unknown}
 k - a potion of might {unknown}


   Skills:
 + Level 2.8 Dodging
 + Level 2.1 Stealth
 + Level 3.5 Spellcasting


You couldn't memorise any spells.
You knew the following spells:

 Your Spells              Type           Power      Damage    Failure   Level
a - Freeze                Ice            56%        1d7       4%          1
b - Frozen Ramparts       Ice            28%        1d4       13%         3
c - Ozocubu's Armour      Ice            14%        N/A       13%         3
d - Hailstorm             Conj/Ice       14%        3d5       38%         4
e - Corona                Hex            15%        N/A       4%          1
Your spell library was empty.

Dungeon Overview and Level Annotations

Branches:
Dungeon (1/15)

Altars:
Qazlal


Innate Abilities, Weirdness & Mutations

You are immune to sickness and miasma.
You are immune to poison.
Your flesh is very heat resistant. (rF++)
You are vulnerable to cold. (rC-)
You float through the air rather than walking.
You learn spells naturally, not from books.
Your magical power is your life essence.
You have superior vitality. (+4 HP)


Message History

* * * LOW HITPOINT WARNING * * *
The endoplasm freezes you.
You are frozen.
You feel a terrible chill!
* * * LOW HITPOINT WARNING * * *
Your magical contamination has completely faded away.
You hit the endoplasm but do no damage.
The endoplasm is heavily wounded.
The endoplasm misses you. The endoplasm barely misses you.
You hit the endoplasm.
The endoplasm is heavily wounded.
The endoplasm misses you.
Casting: Freeze (safe; 4% risk of failure)
Confirm with . or Enter, or press ? or * to list all spells.
Aiming: Freeze (safe; 4% risk of failure)
Press: ? - help, Shift-Dir - straight line, f/p - endoplasm
Aim: an endoplasm (heavily wounded)
You freeze the endoplasm.
The endoplasm is almost dead.
* * * LOW HITPOINT WARNING * * *
The endoplasm hits you but does no damage.
Casting: Freeze (safe; 4% risk of failure)
Confirm with . or Enter, or press ? or * to list all spells.
You don't have enough health to cast this spell.
A quokka comes into view.
A bat comes into view.
The bat closely misses you.
Found a ring mail.
The bat misses you. The endoplasm closely misses you.
The bat closely misses you. The endoplasm completely misses you.
The bat hits you but does no damage.
The endoplasm jiggles.
The jackal barks!
The quokka twitches its whiskers.
The bat hits you.
* * * LOW HITPOINT WARNING * * *
The jackal misses you.
A rat comes into view.
The bat hits you but does no damage. You block the bat's attack.
The bat barely misses you. The bat hits you.
You die...

#..... ..h# ###....
##h... ####...... #
#h ...#.#.#.# .
#####.....#.## ## #
... .. .....#.......
.#.# #.# .
#.....bh#####...####
.#.#
###....@bJ.r.......[
#.#.#
#...#######.........
#...## #..##
####..#######.
.#...#
##..####....## ...#.
##..h#.†..####
...#.###..h.#.####
##........#..†# #
#.........####
....#..#........#


You could see an endoplasm, a quokka, a jackal and 2 bats.

Vanquished Creatures
  3 endoplasms (D:1)
  2 giant cockroaches (D:1)
  2 hobgoblins (D:1)
  6 jackals (D:1)
  2 ball pythons (D:1)
  A frilled lizard (D:1)
  3 kobolds (D:1)
  3 rats (D:1)
22 creatures vanquished.

Notes
Turn   | Place    | Note
-------+----------+-------------------------------------------
     0 | D:1      | dolemite99 the Djinni Ice Elementalist began the quest for
                  | the Orb.
     0 | D:1      | Reached XP level 1. HP: 15/15 MP: 0/0
   116 | D:1      | Reached XP level 2. HP: 10/21 MP: 0/0
   683 | D:1      | Found a faded altar of an unknown god.
   690 | D:1      | Became a worshipper of Qazlal Stormbringer
   690 | D:1      | Reached * piety under Qazlal
  1082 | D:1      | Reached XP level 3. HP: 22/25 MP: 0/0
  1082 | D:1      | Learned a level 1 spell: Corona
  1125 | D:1      | HP: 1/25 [bat (1)]
  1126 | D:1      | Slain by a bat

Illustrated notes

Levels and vault maps discovered:
D:1:      dpeg_arrival_water_altar, layout_rooms,
          hellmonk_ecumenical_altar_slurped_away, corexii_leaking_fountain

Skill      XL: |  1  2 |
---------------+-------+-----
Stealth        | 2 |  2.1
Dodging        | |  2.8
Spellcasting   | |  3.5

Action                   || total
-------------------------++-------
Melee: Spear             ||    31
       Hand axe          ||     2
Throw: Stone             ||     1
 Cast: Freeze            ||    28
Armor: Robe              ||    13
Dodge: Dodged            ||    51
Block: Other             ||     2

Table legend: (Time is in decaauts)
 A = Elapsed time spent in this place.
 B = Non-inter-level travel time spent in this place.
 C = Inter-level travel time spent in this place.
 D = Time resting spent in this place.
 E = Time spent auto-exploring this place.
 F = Levels seen in this place.
 G = Mean time per level.
                   A        B        C        D        E       F      G
               +--------+--------+--------+--------+--------+-----+--------+
         Total |   1128 |   1128 |      0 |    374 |    504 |   1 | 1128.0 |
       Dungeon |   1128 |   1128 |      0 |    374 |    504 |   1 | 1128.0 |
               +--------+--------+--------+--------+--------+-----+--------+

Top non-repeatable levels by time:
     D:1: 1128 daAuts
